 Dungeon Crawl Stone Soup version 0.32-a0-422-g28b100f618 (webtiles) character file.

Game seed: 6467580967146234379

345 javelincjr the Sneak (level 6, -4/36 HPs)
             Began as an Octopode Hedge Wizard on Feb 21, 2024.
             Incinerated by a bombardier beetle (5 damage)
             ... with a burning spray
             ... on level 4 of the Dungeon.
             The game lasted 00:14:00 (3303 turns).

javelincjr the Sneak (Octopode Hedge Wizard)        Turns: 3303, Time: 00:14:01

Health: -4/36      AC:  1    Str:  9    XL:     6   Next: 58%
Magic:  12/12      EV: 13    Int: 19    God:
Gold:   228        SH:  0    Dex: 11    Spells: 7/13 levels left

rFire   . . .        k - +0 mace (protect)
rCold   . . .        (no shield)
rNeg    . . .        b - +0 hat
rPois   .            (no amulet)
rElec   .            (no ring)
rCorr   .            (no ring)
SInv    .            (no ring)
Will    .....        (no ring)
Stlth   ++           (no ring)
HPRegen 0.26/turn    (no ring)
MPRegen 0.13/turn    (no ring)
                     (no ring)

%: no passive effects
@: mighty, on fire, glowing
A: almost no armour, amphibious, 8 rings, camouflage 1, gelatinous body 1,
(nimble swimmer 1), tentacles
a: no special abilities


You were on level 4 of the Dungeon.
You visited 1 branch of the dungeon, and saw 4 of its levels.

You collected 228 gold pieces.

Inventory:

Hand Weapons
 a - a +0 dagger
 d - a +0 spear
 k - a +0 mace of protection (weapon)
Armour
 b - a +0 hat (worn)
 n - a +0 kite shield
Magical Staves
 r - a staff of fire
Jewellery
 s - an amulet of faith
Talismans
 v - a talisman of death
Wands
 x - a wand of roots (12)
Scrolls
 e - 3 scrolls of identify {unknown}
 f - 2 scrolls of revelation {unknown}
 h - 2 scrolls of immolation {unknown}
 i - 2 scrolls of enchant armour {unknown}
 j - 6 scrolls of teleportation {unknown}
 p - a scroll of blinking {unknown}
Potions
 c - a potion of magic
 g - a potion of might
 l - a potion of brilliance {unknown}
 m - a potion of curing {unknown}
 o - 3 potions of haste {unknown}
 q - a potion of ambrosia {unknown}
 t - a potion of heal wounds {unknown}
 u - a potion of enlightenment {unknown}
 w - a potion of lignification {unknown}


   Skills:
 + Level 2.9 Dodging
 + Level 4.1 Stealth
 + Level 1.5 Shields
 * Level 4.1 Spellcasting
 + Level 2.2 Conjurations
 + Level 1.6 Hexes
 + Level 2.3 Summonings
 + Level 2.1 Translocations


You had 7 spell levels left.
You knew the following spells:

 Your Spells              Type           Power      Damage    Failure   Level
a - Magic Dart            Conj           48%        1d5       5%          1
b - Call Imp              Summ           24%        N/A       8%          2
c - Blink                 Tloc           24%        N/A       9%          2
d - Slow                  Hex            40%        N/A       7%          1

Your spell library contained the following spells:

 Spells                   Type           Power      Damage    Failure   Level
 Cigotuvi's Dreadful Rot  Necr/Alch/Air  6%         N/A       21%         2
 Mephitic Cloud           Conj/Alch/Air  6%         N/A       30%         3


Dungeon Overview and Level Annotations

Branches:
Dungeon (4/15)
 Temple: D:4-7

Altars:


Innate Abilities, Weirdness & Mutations

You cannot wear most types of armour.
You are amphibious.
You can wear up to eight rings at the same time.
Your skin changes colour to match your surroundings (Stealth+).
Your rubbery body absorbs attacks. (AC +1, EV +1)
((You are camouflaged when in or above water. (Stealth+)))
You have tentacles for arms and can constrict up to eight enemies at once.


Message History

Your cerulean imp hits the bombardier beetle with a -3 spear.
The bombardier beetle bites you but does no damage.
You hit the bombardier beetle but do no damage.
The bombardier beetle is almost dead.
The liquid fire burns you!
You constrict the bombardier beetle, but do no damage.
Your cerulean imp hits the bombardier beetle but does no damage. x2
You hit the bombardier beetle but do no damage.
The bombardier beetle is almost dead.
The liquid fire burns you!
You constrict the bombardier beetle, but do no damage.
The bombardier beetle sprays incendiary fluid at you.
The burning spray hits you.
You are even more covered in liquid fire!
Your cerulean imp hits the bombardier beetle but does no damage.
You release your grip on the bombardier beetle.
You shake off some of the fire as you move.
The liquid fire burns you!
Your cerulean imp hits the bombardier beetle but does no damage.
The bombardier beetle completely misses you.
You shake off some of the fire as you move.
The liquid fire burns you!
* * * LOW HITPOINT WARNING * * *
Your cerulean imp barely misses the bombardier beetle.
You shake off some of the fire as you move.
The liquid fire burns you!
* * * LOW HITPOINT WARNING * * *
The bombardier beetle sprays incendiary fluid at you.
The burning spray hits you.
You are even more covered in liquid fire!
Your cerulean imp hits the bombardier beetle but does no damage.
You shake off some of the fire as you move.
The liquid fire burns you!
* * * LOW HITPOINT WARNING * * *
Your cerulean imp hits the bombardier beetle but does no damage.
The bombardier beetle barely misses your cerulean imp.
It was a potion of might.
You feel very mighty all of a sudden. The liquid fire burns you!
You die...

#### # #.. .# #
#.###.#
###.###@....###
...............
###.##....#####
#.....B.#
####..5.# #
#....#...?
#.<.......
#.######## #.


You could see a bombardier beetle (distracted, ally target) and a friendly
cerulean imp (summoned).

Vanquished Creatures
  Ijyb (D:3)
  Terence (D:3)
  2 gnolls (D:2)
  An adder (D:3)
  2 ribbon worms
  2 endoplasms (D:1)
  4 goblins
  A hobgoblin (D:1)
  5 kobolds
  6 quokkas
  5 ball pythons
  2 bats (D:1)
  3 frilled lizards
  3 rats
38 creatures vanquished.

Vanquished Creatures (collateral kills)
  Sigmund (D:2)
  An orc (D:3)
  A ball python (D:1)
  2 bats (D:3)
  An endoplasm (D:3)
  2 hobgoblins
  2 quokkas
  A frilled lizard (D:1)
  2 kobolds
  2 rats
15 creatures vanquished.

Grand Total: 53 creatures vanquished

Notes
Turn   | Place    | Note
-------+----------+-------------------------------------------
     0 | D:1      | javelincjr the Octopode Hedge Wizard began the quest for
                  | the Orb.
     0 | D:1      | Reached XP level 1. HP: 11/11 MP: 4/4
    98 | D:1      | Reached XP level 2. HP: 17/17 MP: 6/6
   134 | D:1      | Learned a level 2 spell: Blink
   137 | D:1      | Learned a level 2 spell: Call Imp
   139 | D:1      | Learned a level 1 spell: Slow
   590 | D:1      | Reached XP level 3. HP: 21/21 MP: 4/7
  1251 | D:2      | Noticed Sigmund
  1433 | D:2      | Reached XP level 4. HP: 27/27 MP: 6/9
  2276 | D:2      | Killed Sigmund
  2277 | D:2      | Reached skill level 1 in Shields
  2277 | D:2      | Reached skill level 1 in Hexes
  2277 | D:2      | Reached XP level 5. HP: 26/31 MP: 3/11
  2277 | D:2      | Reached XP level 6. HP: 30/36 MP: 3/12
  2525 | D:3      | Noticed Terence
  2553 | D:3      | Killed Terence
  2836 | D:3      | Noticed Ijyb
  2848 | D:3      | Killed Ijyb
  3302 | D:4      | HP: 1/36 [burnt (5)]
  3303 | D:4      | Incinerated by a bombardier beetle

Illustrated notes

Levels and vault maps discovered:
D:1:      scummos_arrival_star, layout_loops_corners
D:2:      wad_woods_tower, layout_loops_ring, uniq_sigmund
D:3:      layout_basic, minmay_fractal_squares_5, uniq_terence, uniq_ijyb
D:4:      layout_basic, led_sif_book, chequers_temple_overflow_minitemple,
          temple_statues

Skill      XL: |  1  2  3  4  5  6 |
---------------+-------------------+-----
Stealth        | 3 4 |  4.1
Shields        | 1 |  1.5
Spellcasting   | 4 |  4.1
Conjurations   | 2 |  2.2
Hexes          | 1 |  1.6
Summonings     | 2 |  2.3
Translocations | 2 |  2.1
Dodging        | |  2.9

Action                     |  1- 3 |  4- 6 || total
---------------------------+-------+-------++-------
  Melee: Spear             |    23 |       ||    23
         Constrict         |    12 |    13 ||    25
         Tentacles         |     7 |    16 ||    23
         Mace              |    39 |    56 ||    95
   Cast: Call Imp          |    18 |    22 ||    40
         Magic Dart        |     2 |    10 ||    12
         Blink             |     2 |       ||     2
    Use: Potion            |       |     1 ||     1
   Stab: Sleeping          |     5 |     2 ||     7
 Armour: Skin              |    22 |    43 ||    65
  Dodge: Dodged            |    52 |    32 ||    84

Table legend: (Time is in decaauts)
 A = Elapsed time spent in this place.
 B = Non-inter-level travel time spent in this place.
 C = Inter-level travel time spent in this place.
 D = Time resting spent in this place.
 E = Time spent auto-exploring this place.
 F = Levels seen in this place.
 G = Mean time per level.
                   A        B        C        D        E       F      G
               +--------+--------+--------+--------+--------+-----+--------+
         Total |   3341 |   3205 |    136 |      0 |   2508 |   4 |  835.2 |
       Dungeon |   3341 |   3205 |    136 |      0 |   2508 |   4 |  835.2 |
               +--------+--------+--------+--------+--------+-----+--------+

Top non-repeatable levels by time:
     D:1: 1272 daAuts
     D:2: 1190 daAuts
     D:3: 861 daAuts
     D:4: 16 daAuts
